 Dungeon Crawl Stone Soup version 0.28.0 (webtiles) character file.

Game seed: 655960999380687632

108 Akaron the Gusty (level 4, -2/27 HPs)
             Began as an Octopode Air Elementalist on Feb 5, 2022.
             Slain by a goblin (5 damage)
             ... on level 4 of the Dungeon.
             The game lasted 00:03:17 (2412 turns).

Akaron the Gusty (Octopode Air Elementalist)        Turns: 2412, Time: 00:03:17

Health: -2/27      AC:  1    Str:  7    XL:     4   Next: 87%
Magic:  2/8        EV: 13    Int: 19    God:
Gold:   69         SH:  0    Dex: 12    Spells: 2/8 levels left

rFire   . . .      SeeInvis .   (no weapon)
rCold   . . .      Faith    .   (no shield)
rNeg    . . .      Spirit   .   (helmet restricted)
rPois   .          Reflect  .   (no amulet)
rElec   .          Harm     .   f - ring of flight
rCorr   .          Rampage  .   (no ring)
Will    .....                   (no ring)
Stlth   +++.......              (no ring)
HPRegen 0.09/turn               (no ring)
MPRegen 0.11/turn               (no ring)
                                (no ring)
                                (no ring)

@: flying
A: almost no armour, amphibious, 8 rings, camouflage 1, gelatinous body 1,
(nimble swimmer 1), tentacles
a: no special abilities


You were on level 4 of the Dungeon.
You visited 1 branch of the dungeon, and saw 6 of its levels.

You collected 69 gold pieces.

Inventory:

Hand Weapons
 b - a +0 dagger
 g - a +0 short sword of flaming
Missiles
 c - 6 poisoned darts
Jewellery
 f - a ring of flight (left tentacle)
Scrolls
 d - 3 scrolls of blinking {unknown}
Potions
 a - 2 potions of curing {unknown}
 e - a potion of flight {unknown}
 h - a potion of berserk rage {unknown}


   Skills:
 + Level 2.1 Dodging
 + Level 2.9 Stealth
 + Level 2.7 Spellcasting
 + Level 1.6 Conjurations
 + Level 4.5 Air Magic


You had 2 spell levels left.
You knew the following spells:

 Your Spells              Type           Power      Damage    Failure   Level
a - Shock                 Conj/Air       56%        1d6       4%          1
b - Static Discharge      Conj/Air       14%        N/A       7%          2
c - Swiftness             Air            19%        N/A       8%          3

Your spell library contained the following spells:

 Spells                   Type           Power      Damage    Failure   Level
 Airstrike                Air            9%         N/A       24%         4


Dungeon Overview and Level Annotations

Branches:
Dungeon (6/15)
 Temple: D:4-7

Altars:


Innate Abilities, Weirdness & Mutations

You cannot wear most types of armour.
You are amphibious.
You can wear up to eight rings at the same time.
Your skin changes colour to match your surroundings (Stealth+).
Your rubbery body absorbs attacks. (AC +1, EV +1)
((You are camouflaged when in or above water. (Stealth+)))
You have tentacles for arms and can constrict up to eight enemies at once.


Message History

The zap hits the hound.
The hound is severely wounded.
The hound bites you. The goblin misses you.
The kobold throws a stone.
The stone barely misses you.
The zap hits the hound.
The hound is almost dead.
The hound bites you. The hound closely misses you.
The goblin completely misses you.
You are too injured to fight recklessly!
Unknown command.
You are too injured to fight recklessly!
The hound bites you.
* * * LOW HITPOINT WARNING * * *
The hound closely misses you. The hound misses you.
The hound barely misses you.
Found 9 gold pieces.
The hound bites you.
* * * LOW HITPOINT WARNING * * *
Casting: Shock (safe; 4% risk of failure)
Confirm with . or Enter, or press ? or * to list all spells.
Aiming: Shock (safe; 4% risk of failure)
Press: ? - help, Shift-Dir - straight line, f/p - hound
Aim: a hound (almost dead, 56% to hit)
The zap hits the hound.
You kill the hound!
The zap hits the goblin.
The goblin is moderately wounded.
The zap hits the kobold.
The kobold is severely wounded.
Casting: Shock (safe; 4% risk of failure)
Confirm with . or Enter, or press ? or * to list all spells.
Aiming: Shock (safe; 4% risk of failure)
Press: ? - help, Shift-Dir - straight line, f - goblin
Aim: a goblin, wielding a +0 club (moderately wounded, 64% to hit)
The zap hits the goblin.
The goblin is severely wounded.
The zap hits the kobold.
You kill the kobold!
The goblin hits you with a +0 club.
You die...

........#... ..#
........... ..#
..........# ..#
..........# #..#
..........######...#
...................##
....................#
.......>..)...g@....#
..........######.......
..........# ......#
.........## ......#
.........# $.##..#
.......... ### .#
.....!.... .
...........


You could see a goblin.

Vanquished Creatures
  A howler monkey (D:2)
  A hound (D:4)
  2 adders
  A dart slug (D:1)
  2 endoplasms
  2 giant cockroaches
  A goblin (D:2)
  2 hobgoblins (D:2)
  5 kobolds
  5 bats
  A frilled lizard (D:2)
  A quokka skeleton (D:2)
  2 rats
26 creatures vanquished.

Notes
Turn   | Place    | Note
-------+----------+-------------------------------------------
     0 | D:1      | Akaron the Octopode Air Elementalist began the quest for
                  | the Orb.
     0 | D:1      | Reached XP level 1. HP: 11/11 MP: 3/3
   575 | D:1      | Reached XP level 2. HP: 17/17 MP: 3/5
   916 | D:1      | Learned a level 2 spell: Static Discharge
  1247 | D:2      | Noticed a howler monkey
  1251 | D:2      | Killed a howler monkey
  1252 | D:2      | Reached skill level 4 in Air Magic
  1252 | D:2      | Reached XP level 3. HP: 21/21 MP: 1/6
  1306 | D:2      | Reached XP level 4. HP: 27/27 MP: 4/7
  1310 | D:2      | Learned a level 3 spell: Swiftness
  1514 | D:2      | Found a faded altar of an unknown god.
  2318 | D:3      | You are sucked into a shaft and drop 3 floors!
  2377 | D:5      | Entered Level 5 of the Dungeon
  2412 | D:4      | Slain by a goblin

Illustrated notes

Levels and vault maps discovered:
D:1:      dpeg_arrival_round_b, layout_basic, chequers_avenue,
          hangedman_glass_teeth
D:2:      layout_basic, shapermc_ecumenical_altar_totnotflames
D:3:      layout_loops_cross, mainiacjoe_overflow_brackets,
          gup_sewer_entry_bowl, serial_shops, shop, nicolae_shop_hallway_stairs,
          kennysheep_generic_room_6
D:4:      cheibrodos_barr_body, layout_layer_cave, enter_ossuary_2,
          minmay_snake_closets
D:5:      layout_basic, grunt_temple_overflow_order_and_chaos_2,
          mainiacjoe_overflow_surrounded_room, lemuel_tele_altar, serial_curves,
          eino_curves_01, eino_curves_03, hangedman_abyss_or_decor_passed,
          grunt_ministairs_11, uniq_grinder
D:6:      layout_basic, minmay_temple_entry_enclosed_plants,
          minmay_crystal_room, nicolae_stop_n_shop_1

Skill      XL: |  1  2 |
---------------+-------+-----
Air Magic      | 4 |  4.5
Dodging        | |  2.1
Stealth        | |  2.9
Spellcasting   | |  2.7
Conjurations   | |  1.6

Action                   |  1- 3 |  4- 6 || total
-------------------------+-------+-------++-------
Melee: Unarmed           |     2 |       ||     2
       Tentacles         |     2 |       ||     2
       Constrict         |     1 |       ||     1
 Cast: Shock             |    37 |    26 ||    63
Armor: Skin              |       |     2 ||     2
Dodge: Dodged            |     4 |     7 ||    11
